 Dungeon Crawl Stone Soup version 0.30-a0-339-g89bb51ec76 (webtiles) character file.

Game seed: 15442277751333622251

17605 jlumianski the Cleaver (level 12, -1/96 HPs)
             Began as a Demonspawn Fighter on Nov 1, 2022.
             Was a Believer of Qazlal.
             Slain by Snorg (4 damage)
             ... on level 10 of the Dungeon.
             The game lasted 00:57:48 (11352 turns).

jlumianski the Cleaver (Demonspawn Fighter)        Turns: 11352, Time: 00:57:49

Health: -1/96      AC: 22    Str: 22    XL:     12   Next: 20%
Magic:  17/17      EV: 13    Int: 10    God:    Qazlal [**....]
Gold:   621        SH: 17    Dex: 12    Spells: 11/11 levels left

rFire   . . .      SeeInvis .    a - +1 war axe
rCold   . . .      Faith    .    L - +0 tower shield
rNeg    . . .      Spirit   .    t - +0 plate armour
rPois   .          Reflect  .    k - +2 helmet
rElec   .          Harm     .    s - +0 cloak {Will+}
rCorr   .          Rampage  .    M - +0 pair of gloves
Will    +....                    K - +1 pair of boots {Fly}
Stlth   ..........               G - amulet of regeneration
HPRegen 1.16/turn                (no ring)
MPRegen 0.15/turn                (no ring)

@: agile, flying, studying Shields, repel missiles
A: repulsion field 3, powered by pain 1, spiny 2, bedeviling, demonic touch 1
a: Renounce Religion, Upheaval


You were on level 10 of the Dungeon.
You worshipped Qazlal.
Qazlal was pleased with you.
You visited 2 branches of the dungeon, and saw 13 of its levels.

You collected 666 gold pieces.
You spent 45 gold pieces at shops.

Inventory:

Hand Weapons
 a - a +1 war axe (weapon)
 g - the +8 dagger of Spores {protect, Int+4 Dex+4}
   (You found it on level 3 of the Dungeon)

   It grants its wielder temporary protection when it strikes (+7 to AC).
   Int:       It affects your intelligence (+4).
   Dex:       It affects your dexterity (+4).
 l - a +5 flail
Missiles
 o - 6 javelins (quivered)
 y - 3 atropa-tipped darts
 z - 4 boomerangs
 A - 3 poisoned darts
 P - 3 throwing nets
Armour
 k - a +2 helmet (worn)
 s - a +0 cloak of willpower (worn)
 t - a +0 plate armour (worn)
 K - a +1 pair of boots of flying (worn)
 L - a +0 tower shield (worn)
 M - a +0 pair of gloves (worn)
Jewellery
 x - an amulet of reflection
 D - a ring of protection from fire
 G - an amulet of regeneration (around neck)
Wands
 c - a wand of digging (7)
 h - a wand of flame (7)
 C - a wand of paralysis (17)
 H - a wand of polymorph (8)
Scrolls
 b - 2 scrolls of enchant weapon
 e - 2 scrolls of amnesia
 f - 3 scrolls of teleportation
 n - 2 scrolls of magic mapping
 q - 4 scrolls of poison
 v - a scroll of butterflies
 w - 2 scrolls of fear
 E - a scroll of summoning
 F - 5 scrolls of blinking
 O - a scroll of identify
Potions
 d - a potion of might
 i - 2 potions of lignification
 j - a potion of brilliance
 m - a potion of haste
 p - 2 potions of invisibility
 r - 3 potions of curing
 u - 2 potions of flight
 B - a potion of cancellation
 I - 2 potions of heal wounds
 N - 3 potions of ambrosia
Miscellaneous
 J - a condenser vane


   Skills:
 * Level 9.6 Fighting
 + Level 10.6(10.7) Axes
 + Level 0.7(6.7) Maces & Flails
 + Level 4.3 Throwing
 + Level 8.7 Armour
 + Level 1.6 Dodging
 - Level 0.9 Stealth
 + Level 7.9 Shields
 * Level 7.0 Invocations
 * Level 3.0 Evocations


You had 11 spell levels left.
You didn't know any spells.
Your spell library contained the following spells:

 Spells                   Type           Power      Damage    Failure   Level
 Freeze                   Ice            0%         1d3       100%        1
 Sting                    Tmut/Pois      0%         1d3       100%        1
 Poisonous Vapours        Pois/Air       0%         N/A       100%        2
 Frozen Ramparts          Ice            0%         1d1       100%        3
 Hailstorm                Conj/Ice       0%         3d3       100%        3
 Olgreb's Toxic Radiance  Pois           0%         N/A       100%        4


Dungeon Overview and Level Annotations

Branches:
Dungeon (12/15)            Temple (1/1) D:7            Lair (0/5) D:8
    Orc (0/2) D:9

Altars:
Ashenzari
Cheibriados
Dithmenos
Fedhas
Gozag
Hepliaklqana
Kikubaaqudgha
Nemelex Xobeh
Okawaru
Qazlal
Ru
Sif Muna
Trog
Uskayaw
Vehumet
Wu Jian
Yredelemnul

Shops:
D:4 =   D:6 [   D:8 *

Annotations:
D:4 3 runed translucent doors, Cancer's ghost, amateur GrEE
D:10 Erica; Snorg


Innate Abilities, Weirdness & Mutations

You are surrounded by a strong repulsion field. (EV +4, RMsl)
You sometimes gain a little power by taking damage.
You are mostly covered in sharp spines.
Your hexes are more powerful.
Your touch may inflict minor irresistible damage on your foes.


Message History

You block Snorg's attack. x2; Snorg barely misses you.
You block Snorg's attack. Snorg claws you but does no damage.
You slice Snorg!!
Snorg is moderately wounded.
Snorg is struck by your spines. Snorg bites you! Snorg claws you!
You block Snorg's attack. Snorg is struck by your spines.
Snorg bites you but does no damage. Snorg completely misses you.
Snorg claws you but does no damage.
You closely miss Snorg.
Snorg is heavily wounded.
You block Snorg's attack.
Snorg claws you. x2; Snorg is struck by your spines.
Snorg bites you! Snorg claws you. You block Snorg's attack.
You hit Snorg.
Snorg is severely wounded.
Snorg is struck by your spines. Snorg bites you but does no damage.
You block Snorg's attack. Snorg closely misses you.
Snorg is struck by your spines. Snorg bites you but does no damage.
You block Snorg's attack. Snorg claws you!
You completely miss Snorg.
Snorg is severely wounded.
You block Snorg's attack. x3; Snorg is struck by your spines.
Snorg bites you! You block Snorg's attack. Snorg claws you.
* * * LOW HITPOINT WARNING * * *
You slash Snorg!
Snorg is almost dead.
Snorg is struck by your spines. Snorg completely misses you.
You block Snorg's attack. Snorg claws you but does no damage.
Snorg bites you but does no damage. Snorg claws you.
* * * LOW HITPOINT WARNING * * *
Snorg claws you but does no damage.
You barely miss Snorg.
Snorg is almost dead.
You block Snorg's attack. x2; Snorg claws you.
* * * LOW HITPOINT WARNING * * *
Snorg is struck by your spines. Snorg bites you!!
* * * LOW HITPOINT WARNING * * *
You focus on the pain.
You feel agile all of a sudden. Snorg claws you.
You die...

##### ....#######
#.....#...#######
##.#
#.#..........
#..# #(..T@#
#..###.#####
#......# #.##.###
##.##.# #..##.#
#.###.#
#.#..##### #.#
#.# #.#.
#.#....[..
#.####.###.#
#.#.## #^#.......


You could see Snorg (berserk).

Vanquished Creatures
  Harold (D:11)
  A hydra (D:11)
  2 two-headed ogres
  A boulder beetle (D:11)
  A tengu warrior (D:11)
  Nergalle (D:11)
  Pikel (D:7)
  A cyclops (D:11)
  Psyche (D:8)
  An unseen horror (D:11)
  3 trolls
  Grinder (D:6)
  Sigmund (D:2)
  A vampire (D:9)
  20 yaks
  2 wyverns
  2 vampire mosquitoes (D:11)
  Menkaure (D:4)
  4 steam dragons
  An acid dragon (D:11)
  A water moccasin (D:3)
  An ogre (D:6)
  An orc warrior (D:10)
  2 ice beasts
  3 black bears
  2 centaurs
  4 phantoms
  4 lemures (D:6)
  Blork the orc (D:4)
  A kobold brigand (D:8)
  3 bullfrogs
  A gnoll sergeant (D:6)
  3 scorpions
  A necrophage (D:7)
  7 wights
  2 howler monkeys
  2 jellies (D:6)
  5 orc priests
  5 hounds
  2 gnoll boudas
  Jessica (D:2)
  4 iguanas
  2 orc wizards
  15 gnolls
  10 adders
  2 shadow imps
  2 white imps
  An ufetubus (D:5)
  3 worms
  A dart slug (D:4)
  26 orcs
  2 endoplasms (D:2)
  5 giant cockroaches
  12 goblins
  4 hobgoblins
  3 kobolds
  A quokka (D:1)
  9 ball pythons
  4 bats
  3 frilled lizards
  7 rats
215 creatures vanquished.

Vanquished Creatures (others)
  2 fungi (D:5)
2 creatures vanquished.

Grand Total: 217 creatures vanquished

Notes
Turn   | Place    | Note
-------+----------+-------------------------------------------
     0 | D:1      | jlumianski the Demonspawn Fighter began the quest for the
                  | Orb.
     0 | D:1      | Reached XP level 1. HP: 18/18 MP: 1/1
   178 | D:1      | Gained mutation: You are surrounded by a mild repulsion
                  | field. (EV +2) [demonic ancestry]
   178 | D:1      | Reached XP level 2. HP: 24/24 MP: 2/2
   312 | D:1      | Reached skill level 2 in Axes
   573 | D:2      | Reached XP level 3. HP: 29/29 MP: 3/3
  1190 | D:2      | Noticed Sigmund
  1202 | D:2      | Killed Sigmund
  1203 | D:2      | Reached skill level 3 in Axes
  1203 | D:2      | Gained mutation: You are surrounded by a moderate repulsion
                  | field. (EV +3) [demonic ancestry]
  1203 | D:2      | Reached XP level 4. HP: 19/35 MP: 4/4
  1203 | D:2      | Gained mutation: Your touch may inflict minor irresistible
                  | damage on your foes. [demonic ancestry]
  1203 | D:2      | Reached XP level 5. HP: 23/41 MP: 5/5
  1489 | D:2      | Noticed Jessica
  1499 | D:2      | Killed Jessica
  1500 | D:2      | Reached skill level 4 in Axes
  1505 | D:2      | Gained mutation: You are partially covered in sharp spines.
                  | [demonic ancestry]
  1505 | D:2      | Reached XP level 6. HP: 42/47 MP: 6/6
  1775 | D:2      | Reached skill level 1 in Dodging
  1955 | D:3      | Noticed a water moccasin
  2250 | D:4      | Identified the +0 leather armour "Gejul" {+Blink +Inv}
  2265 | D:3      | Identified the +8 dagger of Spores {protect, Int+4 Dex+4}
  2300 | D:4      | Found Opla Fosch's Jewellery Emporium.
  2410 | D:3      | Killed a water moccasin
  2502 | D:3      | Found a hide-covered altar of Uskayaw.
  2605 | D:3      | Reached XP level 7. HP: 34/54 MP: 7/7
  2616 | D:3      | Found a hazy altar of Hepliaklqana.
  3068 | D:4      | Noticed Menkaure
  3075 | D:4      | Killed Menkaure
  3076 | D:4      | Reached skill level 5 in Axes
  3115 | D:4      | Found a shadowy altar of Dithmenos.
  3217 | D:4      | Found a runed translucent gate.
  3218 | D:4      | Found a runed translucent gate.
  3218 | D:4      | Noticed Blork the orc
  3219 | D:4      | Found a runed translucent gate.
  3235 | D:4      | Killed Blork the orc
  3504 | D:4      | Noticed Cancer's ghost (amateur GrEE)
  3847 | D:5      | Entered Level 5 of the Dungeon
  4007 | D:4      | Reached skill level 6 in Axes
  4353 | D:5      | Reached XP level 8. HP: 61/61 MP: 8/8
  4591 | D:5      | Reached skill level 5 in Armour
  5064 | D:5      | Reached skill level 7 in Axes
  5064 | D:5      | Reached skill level 1 in Throwing
  5712 | D:5      | Reached skill level 5 in Fighting
  6030 | D:6      | Found Usosuago's Antique Armour Boutique.
  6127 | D:6      | Gained mutation: You are mostly covered in sharp spines.
                  | [demonic ancestry]
  6127 | D:6      | Reached XP level 9. HP: 47/65 MP: 9/9
  6407 | D:6      | Noticed Grinder
  6418 | D:6      | Killed Grinder
  6631 | D:6      | Reached skill level 8 in Axes
  6872 | D:7      | Noticed Pikel
  6948 | D:7      | Killed Pikel
  7024 | D:7      | HP: 2/69 [steam dragon (4)]
  7314 | D:8      | Found Doyr's Mass Market.
  7314 | D:8      | Found a staircase to the Lair.
  7322 | D:8      | Bought a +0 tower shield for 45 gold pieces
  7436 | D:7      | Found a staircase to the Ecumenical Temple.
  7449 | Temple   | Entered the Ecumenical Temple
  7462 | Temple   | Became a worshipper of Qazlal Stormbringer
  7732 | D:7      | Reached skill level 9 in Axes
  7732 | D:7      | Reached skill level 5 in Shields
  7732 | D:7      | Gained mutation: You sometimes gain a little power by
                  | taking damage. [demonic ancestry]
  7732 | D:7      | Reached XP level 10. HP: 80/80 MP: 9/13
  8056 | D:8      | Gained mutation: You are surrounded by a strong repulsion
                  | field. (EV +4, RMsl) [demonic ancestry]
  8056 | D:8      | Reached XP level 11. HP: 50/86 MP: 14/14
  8234 | D:8      | Noticed Psyche
  8243 | D:8      | Killed Psyche
  8796 | D:8      | Found a shimmering blue altar of Sif Muna.
  9022 | D:10     | Entered Level 10 of the Dungeon
  9130 | D:9      | Reached * piety under Qazlal
  9142 | D:9      | Found a sparkling altar of Nemelex Xobeh.
  9398 | D:9      | Noticed a two-headed ogre
  9405 | D:9      | Killed a two-headed ogre
  9406 | D:9      | Reached skill level 10 in Axes
  9444 | D:9      | Found a staircase to the Orcish Mines.
  9516 | D:9      | Found a radiant altar of Vehumet.
  9521 | D:9      | Found a basalt altar of Yredelemnul.
  9526 | D:9      | Found an ancient bone altar of Kikubaaqudgha.
  9673 | D:11     | Noticed a boulder beetle
  9779 | D:11     | Killed a boulder beetle
  9923 | D:9      | Reached skill level 1 in Evocations
  9947 | D:9      | Reached skill level 5 in Invocations
 10072 | D:10     | Noticed Snorg
 10134 | D:10     | Noticed Erica
 10223 | D:11     | Noticed Nergalle
 10255 | D:11     | Killed Nergalle
 10303 | D:11     | Noticed Harold
 10314 | D:11     | Noticed a two-headed ogre
 10349 | D:11     | Killed Harold
 10356 | D:11     | Killed a two-headed ogre
 10386 | D:12     | Noticed a two-headed ogre
 10680 | D:11     | Gained mutation: Your hexes are more powerful. [demonic
                  | ancestry]
 10680 | D:11     | Reached XP level 12. HP: 78/96 MP: 16/16
 10725 | D:11     | Identified 2 scrolls of acquirement
 10725 | D:11     | Acquired a manual of Shields
 10727 | D:11     | Acquired a +0 cloak of willpower
 10827 | D:11     | Noticed a boulder beetle
 10827 | D:11     | Noticed a tengu warrior
 10844 | D:11     | Noticed a six-headed hydra
 10870 | D:11     | Killed a six-headed hydra
 10878 | D:11     | Killed a tengu warrior
 11188 | D:11     | Noticed a death knight
 11204 | D:11     | Reached ** piety under Qazlal
 11258 | D:11     | Noticed a tengu warrior
 11352 | D:10     | HP: 3/96 [Snorg (22)]
 11352 | D:10     | Slain by Snorg

Illustrated notes

Levels and vault maps discovered:
D:1:      spicycebolla_green_bress_n_ham, layout_loops_corners
D:2:      layout_basic, uniq_sigmund, uniq_jessica
D:3:      layout_basic, nicolae_overflow_crystal_walls, lemuel_round_altar,
          minmay_misc_feat_secret_circle, minmay_misc_feat_more_columns,
          corner_web_ring, minmay_misc_feat_five
D:4:      layout_cave_pods, old_standard_altar, nicolae_dithmenos_the_darkroom,
          serial_shops, nicolae_shop_crystal, gammafunk_ghost_icy,
          uniq_blork_the_orc, uniq_menkaure
D:5:      kennysheep_steamy, layout_gridville, chequers_avenue, minivault_4,
          kennysheep_generic_room_16
D:6:      minmay_evil_eye, layout_loops_ring, serial_shops,
          nicolae_diamond_shop, chequers_serial_rivers_small_b,
          grunt_ministairs_13, uniq_grinder
D:7:      layout_gridville, minmay_temple_entry_wispy, uniq_pikel
D:8:      minmay_spotlight, layout_rooms, mainiacjoe_overflow_cross_hatched,
          lair_entry_dummy, minmay_shop_mass, uniq_psyche
D:9:      layout_long_grid, kennysheep_mini, minmay_overflow_temple_star_quad
D:10:     layout_loops_ring, uniq_erica, uniq_snorg
D:11:     layout_basic, kennysheep_big_empty_room, minivault_28, uniq_nergalle,
          uniq_harold
D:12:     minmay_mutant_horseshoe, layout_basic, nicolae_hexahallways,
          uniq_erolcha, uniq_lodul
Temple:   nicolae_temple_ecumenical_triangle

Skill      XL: |  1  2  3  4  5  6  7  8  9 10 11 12 |
---------------+-------------------------------------+-----
Armour         | 3 4 6 8 |  8.7
Axes           | 2 3 4 6 7 9 10 | 10.6
Shields        | 3 4 5 6 7 |  7.9
Dodging        | 1 |  1.6
Fighting       | 4 5 8 9 |  9.6
Throwing       | 1 4 |  4.3
Invocations    | 4 6 7 |  7.0
Evocations     | 2 3 |  3.0
Maces & Flails | |  0.7
Stealth        | |  0.9

Action                   |  1- 3 |  4- 6 |  7- 9 | 10-12 || total
-------------------------+-------+-------+-------+-------++-------
Melee: War axe           |   108 |    87 |   234 |   273 ||   702
       Flail             |       |       |       |    13 ||    13
Throw: Javelin           |       |     2 |     9 |    13 ||    24
       Dart              |       |       |    12 |    28 ||    40
       Boomerang         |       |       |     6 |       ||     6
Evoke: Wand              |       |       |     1 |     1 ||     2
  Use: Scroll            |     2 |     7 |     7 |    10 ||    26
       Potion            |     1 |     3 |     4 |       ||     8
Armor: Scale mail        |    32 |       |       |       ||    32
       Chain mail        |    26 |    33 |       |       ||    59
       Plate armour      |       |     3 |   128 |   176 ||   307
Dodge: Dodged            |    48 |    50 |   107 |   113 ||   318
       Repelled          |       |       |       |     3 ||     3
Block: Buckler           |    28 |    25 |    61 |       ||   114
       Tower shield      |       |       |    17 |   307 ||   324

Table legend: (Time is in decaauts)
 A = Elapsed time spent in this place.
 B = Non-inter-level travel time spent in this place.
 C = Inter-level travel time spent in this place.
 D = Time resting spent in this place.
 E = Time spent auto-exploring this place.
 F = Levels seen in this place.
 G = Mean time per level.
                   A        B        C        D        E       F      G
               +--------+--------+--------+--------+--------+-----+--------+
         Total |  11644 |  11463 |    181 |   1251 |   5933 |  13 |  895.7 |
       Dungeon |  11615 |  11434 |    181 |   1251 |   5933 |  12 |  967.9 |
        Temple |     28 |     28 |      0 |      0 |      0 |   1 |   28.0 |
               +--------+--------+--------+--------+--------+-----+--------+

Top non-repeatable levels by time:
     D:5: 1532 daAuts
     D:4: 1427 daAuts
    D:11: 1237 daAuts
     D:2: 1197 daAuts
     D:7: 1084 daAuts
     D:6: 1070 daAuts
     D:1: 986 daAuts
     D:8: 933 daAuts
     D:9: 833 daAuts
     D:3: 829 daAuts
    D:10: 476 daAuts
  Temple: 28 daAuts
    D:12: 5 daAuts
